 Dungeon Crawl Stone Soup version 0.27.1-4-g1640c2035a (webtiles) character file.

Game seed: 17124889591062254936

29950 belegose the Covert (level 13, -9/82 HPs)
             Began as a Kobold Berserker on Nov 13, 2021.
             Was a High Priest of Trog.
             Mangled by a death yak (21 damage)
             ... on level 4 of the Lair of Beasts.
             The game lasted 00:50:04 (16499 turns).

belegose the Covert (Kobold Berserker)             Turns: 16499, Time: 00:50:05

Health: -9/82      AC: 19    Str: 19    XL:     13   Next: 85%
Magic:  13/13      EV: 16    Int: 12    God:    Trog [*****.]
Gold:   672        SH:  0    Dex: 14    Spells: 12/12 levels left

rFire    + . .     SeeInvis .   N - +10 quarterstaff "Liaff" {vorpal, rPois rC+ Int+3}
rCold    + . .     Faith    .   (shield currently unavailable)
rNeg     . . .     Spirit   .   l - +4 scale mail {rC+}
rPois    +         Reflect  .   r - +0 helmet
rElec    .         Harm     .   O - +0 cloak
rCorr    .         Rampage  .   D - +2 pair of gloves {archery}
Will     .....                  H - +0 pair of boots
Stlth    +++++.....             t - amulet of regeneration
HPRegen  1.23/turn              h - ring of fire
MPRegen  0.13/turn              w - +4 ring of slaying

@: on berserk cooldown, slowed, studying Slings, very slow
A: small, no large weapons, nightstalker 3
a: Renounce Religion, Berserk, Trog's Hand, Brothers in Arms


You were on level 4 of the Lair of Beasts.
You worshipped Trog.
Trog was extremely pleased with you.
You visited 3 branches of the dungeon, and saw 16 of its levels.

You collected 879 gold pieces.
You spent 207 gold pieces at shops.

Inventory:

Hand Weapons
 a - the +6 morningstar of Invincibility {protect, rF- rCorr Dex+7}
   (You bought it in a shop on level 1 of the Dungeon)

   It grants its wielder temporary protection when it strikes (+7 to AC).
   Dex:       It affects your dexterity (+7).
   rF:        It makes you vulnerable to fire.
   rCorr:     It protects you from acid and corrosion.
 b - a +2 dagger of venom
 y - a +1 vorpal spear
 z - a +2 whip of electrocution
 L - a +4 falchion of flaming
 N - the +10 quarterstaff "Liaff" (weapon) {vorpal, rPois rC+ Int+3}
   (You found it on level 9 of the Dungeon)

   It inflicts extra damage upon your enemies.
   Int:       It affects your intelligence (+3).
   rC:        It protects you from cold.
   rPois:     It protects you from poison.
Missiles
 d - 409 stones
 k - 18 poisoned darts (quivered)
 A - 13 throwing nets
 B - 22 boomerangs
Armour
 l - a +4 scale mail of cold resistance (worn)
 r - a +0 helmet (worn)
 C - a +0 buckler
 D - a +2 pair of gloves of archery (worn)
 H - a +0 pair of boots (worn)
 O - a +0 cloak (worn)
Jewellery
 g - a +4 ring of evasion
 h - a ring of fire (left hand)
 t - an amulet of regeneration (around neck)
 w - a +4 ring of slaying (right hand)
 K - an amulet of the acrobat
 R - a ring of willpower
 U - a ring of willpower
Wands
 c - a wand of polymorph (6)
 x - a wand of paralysis (8)
 F - a wand of flame (59)
 J - a wand of digging (7)
 M - a wand of charming (11)
 Q - a wand of acid (9)
Scrolls
 e - 2 scrolls of amnesia {unknown}
 f - 4 scrolls of enchant weapon {unknown}
 j - 4 scrolls of teleportation {unknown}
 p - 2 scrolls of silence {unknown}
 q - 2 scrolls of enchant armour {unknown}
 s - a scroll of torment {unknown}
 u - 3 scrolls of immolation {unknown}
 G - 2 scrolls of blinking {unknown}
 P - 2 scrolls of magic mapping {unknown}
 T - a scroll of fog {unknown}
Potions
 i - 4 potions of flight
 m - a potion of cancellation
 n - 3 potions of resistance
 o - 3 potions of might
 v - 2 potions of haste
 E - a potion of attraction
 I - 2 potions of curing
Miscellaneous
 S - a piece from Xom's chessboard (15/15)


   Skills:
 + Level 9.9 Fighting
 - Level 5.3 Short Blades
 + Level 5.1(6.1) Maces & Flails
 - Level 5.0(6.0) Staves
 - Level 9.2(10.0) Slings
 - Level 6.7(9.3) Throwing
 + Level 6.9 Armour
 + Level 9.9 Dodging
 + Level 11.9 Stealth
 - Level 5.6 Shields
 + Level 8.2 Evocations


You had 12 spell levels left.
You didn't know any spells.
Your spell library was empty.

Dungeon Overview and Level Annotations

Branches:
Dungeon (11/15)            Temple (1/1) D:4            Lair (4/6) D:9
 Spider (0/4) Lair:4
  Swamp: Lair:2-4    Shoals: Lair:2-4       Orc: D:9-12

Altars:
Cheibriados
Fedhas
Vehumet
Wu Jian
Yredelemnul
The Shining One

Shops:
D:1 (:   D:3 [

Annotations:
Lair:1 exclusion: 2 oklob plants


Innate Abilities, Weirdness & Mutations

You are small and have problems with some larger weapons.
You are completely attuned to the shadows.


Message History

You sock the death yak!
The death yak is moderately wounded.
The death yak misses you.
You hit the death yak.
The death yak is heavily wounded.
You sock the death yak!
The death yak is severely wounded.
The death yak gores you!
* * * LOW HITPOINT WARNING * * *
You bludgeon the death yak!!
You kill the death yak!
Trog accepts your kill.
You hear a bellow!
A death yak comes into view.
The death yak bellows!
A death yak comes into view.
You feel a strong urge to attack something.
A death yak comes into view.
You are no longer berserk.
You are exhausted.
You feel yourself slow down.
Aiming: Charm
Press: ? - help, Shift-Dir - straight line, f - death yak
Aim: a death yak (chance to affect: 9%)
Okay, then.
Your deep troll goes berserk!
The death yak gores you!
* * * LOW HITPOINT WARNING * * *
You swap places.
Your deep troll barely misses the death yak.
Your deep troll claws the death yak! x2; Your deep troll bites the death yak.
Your deep troll claws the death yak.
Your deep troll claws the death yak but does no damage.
The death yak gores you!
* * * LOW HITPOINT WARNING * * *
Your two-headed ogre goes berserk!
Your deep troll bites the death yak.
Your deep troll claws the death yak but does no damage. x2
The death yak gores you!!
You die...

#..## .#...# ####...# .#...##
#. #### ##..##..##
......###..###..####...###..#
.......##..##...#.##...####.##
..#....#..#...........###.#..#
#.#.#........#.##............#
#..###.......####Y.....###.#.#
##.#####....####@Y...####.#..#
#..#.#.#...##O..T.Y.#.#######
##.#.####.........##..##
#....# .....###...##..#
.........#..# ##..##...Y
.#.......#<.. #......##.
#.#.... .... ....# ##..... #
..


You could see 3 death yaks, a friendly two-headed ogre (summoned, berserk) and a
friendly deep troll (summoned, berserk).

Vanquished Creatures
  3 hydras
  Fannar (D:11)
  2 boulder beetles
  A catoblepas (Lair:1)
  6 death yaks
  A fire crab (Lair:4)
  3 elephants (Lair:3)
  3 black mambas
  2 rime drakes (Lair:3)
  13 cane toads
  7 komodo dragons
  3 trolls
  A hornet (D:5)
  8 blink frogs (Lair:3)
  A wyvern (Lair:3)
  A vampire (D:9)
  23 yaks
  A steam dragon (D:8)
  8 water moccasins
  5 orc warriors
  An ice beast (D:5)
  2 black bears
  A hornet zombie (D:8)
  2 sky beasts
  9 wolves
  2 ogres
  Blork the orc (D:5)
  A kobold brigand (D:7)
  9 bullfrogs
  5 gnoll sergeants
  6 scorpions
  7 killer bees
  2 water moccasin skeletons
  10 wights
  A bullfrog zombie (D:6)
  2 centaur zombies
  A centaur skeleton (D:4)
  7 hounds
  A jelly (D:8)
  6 orc priests
  4 gnoll shamans
  2 bullfrog skeletons (D:6)
  Terence (D:3)
  8 orc wizards
  3 iguanas
  6 hell rats
  2 hound skeletons (D:4)
  A howler monkey zombie (D:8)
  33 gnolls
  5 adders
  2 shadow imps
  2 white imps
  An ufetubus (D:4)
  2 adder skeletons (D:4)
  5 worms
  4 dart slugs
  57 orcs
  10 ball pythons
  3 bats (D:1)
  7 endoplasms
  4 giant cockroaches
  8 goblins
  8 hobgoblins
  7 jackals
  16 kobolds
  3 quokkas
  2 frilled lizards
  2 rats
  A bush (Lair:3)
378 creatures vanquished.

Vanquished Creatures (others)
  19 fungi
  26 plants
45 creatures vanquished.

Grand Total: 423 creatures vanquished

Notes
Turn   | Place    | Note
-------+----------+-------------------------------------------
     0 | D:1      | belegose the Kobold Berserker began the quest for the Orb.
     0 | D:1      | Reached XP level 1. HP: 14/14 MP: 1/1
    19 | D:1      | Found Kivobil's Antique Weapon Shoppe.
    54 | D:1      | Reached XP level 2. HP: 2/19 MP: 2/2
   292 | D:1      | Reached skill level 1 in Stealth
  1036 | D:1      | Reached XP level 3. HP: 23/23 MP: 3/3
  1050 | D:1      | Found Arheuvay's Book Emporium.
  2352 | D:2      | Reached skill level 2 in Stealth
  2352 | D:2      | Reached XP level 4. HP: 29/29 MP: 4/4
  2523 | D:2      | Reached skill level 1 in Throwing
  2593 | D:2      | Found a faded altar of an unknown god.
  3123 | D:3      | Reached ** piety under Trog
  3385 | D:3      | Reached XP level 5. HP: 33/33 MP: 5/5
  3557 | D:3      | Noticed Terence
  3772 | D:3      | Found Cusoan's Armour Emporium.
  3963 | D:3      | Reached skill level 3 in Stealth
  3963 | D:3      | Reached XP level 6. HP: 37/38 MP: 6/6
  3971 | D:3      | Reached skill level 5 in Short Blades
  4129 | D:3      | Killed Terence
  4770 | D:4      | Found a staircase to the Ecumenical Temple.
  4776 | Temple   | Entered the Ecumenical Temple
  4792 | D:4      | Noticed a black bear
  4797 | D:4      | Killed a black bear
  4798 | D:4      | Reached XP level 7. HP: 44/44 MP: 7/7
  4985 | D:4      | Reached *** piety under Trog
  5124 | D:4      | Reached skill level 4 in Stealth
  5176 | D:4      | Reached skill level 1 in Maces & Flails
  5520 | D:1      | Bought a polished morningstar for 207 gold pieces
  5520 | D:1      | Identified the +6 morningstar of Invincibility {protect,
                  | rF- rCorr Dex+7} (You bought it in a shop on level 1 of the
                  | Dungeon)
  5576 | D:5      | Entered Level 5 of the Dungeon
  6158 | D:5      | Reached XP level 8. HP: 39/48 MP: 8/8
  6222 | D:5      | Reached skill level 5 in Fighting
  6390 | D:5      | Reached skill level 5 in Stealth
  6406 | D:5      | Noticed a troll
  6417 | D:5      | Killed a troll
  6418 | D:5      | Reached skill level 5 in Dodging
  6716 | D:5      | Noticed Blork the orc
  6719 | D:5      | Killed Blork the orc
  6832 | D:5      | Found an ornate altar of the Wu Jian Council.
  6878 | D:5      | Noticed a hornet
  6888 | D:5      | Killed a hornet
  6889 | D:5      | Reached skill level 6 in Stealth
  6889 | D:5      | Reached XP level 9. HP: 55/55 MP: 9/9
  7313 | D:6      | Reached skill level 5 in Throwing
  7429 | D:6      | Found a snail-covered altar of Cheibriados.
  7541 | D:6      | Reached **** piety under Trog
  7721 | D:6      | Found a blossoming altar of Fedhas.
  7925 | D:6      | Reached skill level 7 in Stealth
  8098 | D:6      | Reached skill level 1 in Evocations
  8164 | D:6      | Reached XP level 10. HP: 61/61 MP: 10/10
  8554 | D:6      | Found a radiant altar of Vehumet.
  8778 | D:6      | Noticed a boulder beetle
  8798 | D:6      | Killed a boulder beetle
  8799 | D:6      | Reached skill level 8 in Stealth
  8799 | D:6      | Reached skill level 1 in Shields
  8960 | D:6      | Reached ***** piety under Trog
  9342 | D:7      | Found a basalt altar of Yredelemnul.
  9346 | D:7      | Noticed a profane servitor
  9360 | D:7      | Found a glowing golden altar of the Shining One.
  9363 | D:7      | Noticed an angel
 10609 | D:8      | Reached XP level 11. HP: 67/67 MP: 11/11
 10785 | D:8      | Received a gift from Trog
 11094 | D:9      | Reached skill level 1 in Slings
 11279 | D:9      | Reached skill level 5 in Shields
 11687 | D:9      | Reached skill level 5 in Slings
 11763 | D:9      | Identified the +10 quarterstaff "Liaff" {vorpal, rPois rC+
                  | Int+3}
 11838 | D:9      | You fall into a shaft and drop 2 floors!
 11902 | D:11     | Noticed a death knight
 11936 | D:11     | Noticed Fannar
 11944 | D:11     | Killed Fannar
 12035 | D:11     | Noticed a manticore
 12074 | D:10     | Entered Level 10 of the Dungeon
 12375 | D:9      | Found a staircase to the Lair.
 12427 | Lair:1   | Entered Level 1 of the Lair of Beasts
 12440 | Lair:1   | Reached skill level 1 in Staves
 12440 | Lair:1   | Reached skill level 9 in Stealth
 12502 | Lair:1   | Reached skill level 5 in Armour
 12602 | Lair:1   | Noticed an oklob plant
 12602 | Lair:1   | Noticed an oklob plant
 12967 | Lair:1   | Reached XP level 12. HP: 73/73 MP: 12/12
 12980 | Lair:1   | Reached skill level 5 in Evocations
 13246 | Lair:1   | Noticed a catoblepas
 13263 | Lair:1   | Killed a catoblepas
 14468 | Lair:3   | Reached skill level 10 in Stealth
 14638 | Lair:3   | Noticed a death yak
 14640 | Lair:3   | Noticed a death yak
 14640 | Lair:3   | Noticed a death yak
 14652 | Lair:3   | Noticed a death yak
 14658 | Lair:3   | Killed a death yak
 14661 | Lair:3   | Killed a death yak
 14665 | Lair:3   | Killed a death yak
 14672 | Lair:3   | Killed a death yak
 14788 | Lair:3   | Noticed a boulder beetle
 14798 | Lair:3   | Killed a boulder beetle
 14799 | Lair:3   | Reached XP level 13. HP: 80/80 MP: 13/13
 14802 | Lair:3   | Noticed a six-headed hydra
 15030 | Lair:3   | Reached skill level 11 in Stealth
 15314 | Lair:3   | Killed a six-headed hydra
 15319 | Lair:3   | Reached ****** piety under Trog
 15375 | Lair:3   | Received a gift from Trog
 15741 | Lair:3   | Noticed a six-headed hydra
 15751 | Lair:3   | Killed a six-headed hydra
 15906 | Lair:4   | Noticed a seven-headed hydra
 15912 | Lair:4   | Killed a seven-headed hydra
 15913 | Lair:4   | Reached skill level 5 in Staves
 16236 | Lair:4   | Found a hole to the Spider Nest.
 16360 | Lair:4   | Reached skill level 5 in Maces & Flails
 16499 | Lair:4   | Mangled by a death yak

Illustrated notes

Levels and vault maps discovered:
D:1:      dpeg_arrival_round_b, layout_loops_corners, serial_shops,
          nicolae_shop_crystal, shop
D:2:      layout_basic, chequers_ecumenical_altar_grove
D:3:      layout_loops_cross, serial_shops, shop, uniq_terence
D:4:      layout_basic, minmay_temple_entry_fiery
D:5:      layout_cave_pools, amcnicky_altar_gilded, serial_park,
          serial_park_square1 [serial_park_minivault_5x5_5], serial_park_tiny_1,
          serial_park_fountain, serial_park_tiny_pond, serial_park_tiny_pond,
          serial_park_tiny_pond, patterned_corridor, uniq_blork_the_orc
D:6:      layout_cave_pools, lemuel_doored_altar, overflow_temple_1_default,
          mainiacjoe_overflow_24_doors, serial_gnoll_camp, gnoll_camp_medium_01,
          gnoll_camp_mini_basic, gnoll_camp_mini_hut, gnoll_camp_huts_moat,
          roderic_lattice_a
D:7:      layout_rooms, grunt_temple_overflow_holy_war, minmay_misc_feat_roman,
          minmay_unpleasant_kobolds
D:8:      layout_layer_cave, special_room [special_room_orc], minmay_manual_mess
D:9:      layout_basic, david_lair_shrubbed
D:10:     layout_irregular_city, nzn_ghost_randoct, uniq_psyche
D:11:     layout_big_octagon, nicolae_trove_entry_diagonal, uniq_fannar
Temple:   regret_index_temple_sphere_string
Lair:1:   layout_long_grid, grunt_megastairs_2, lemuel_fruit_fields,
          infiniplex_staircase_pool_2, minmay_lair_oklob_chamber
Lair:2:   layout_gridlike, lemuel_fruit_tree, grunt_megastairs_4
Lair:3:   layout_long_grid, beast_lair_carwin_9, grunt_megastairs_3,
          serial_bayou_shore_b
Lair:4:   nzn_winding_woodlands_three_and_one
          [nzn_winding_woodlands_5x15_lazy_stream,
          nzn_winding_woodlands_5x15_twine, nzn_winding_woodlands_5x15_zeroes,
          nzn_winding_woodlands_center_triple_pond], layout_layer_cave,
          minmay_shoals_entry_hut, nicolae_spider_entry_non_spiders,
          chequers_serial_rivers_room_a, kennysheep_catoblepas_arena

Skill      XL: |  1  2  3  4  5  6  7  8  9 10 11 12 13 |
---------------+----------------------------------------+-----
Stealth        | 1 2 3 4 6 7 8 9 10 11 | 11.9
Dodging        | 3 4 5 6 7 8 9 |  9.9
Armour         | 2 3 4 5 6 |  6.9
Throwing       | 1 2 3 4 5 6 |  6.7
Fighting       | 4 5 6 7 8 9 |  9.9
Short Blades   | 5 |  5.3
Maces & Flails | 1 2 3 4 5 |  5.1
Evocations     | 1 3 4 6 8 |  8.2
Shields        | 3 5 |  5.6
Slings         | 7 9 |  9.2
Staves         | 1 3 5 |  5.0

Action                   |  1- 3 |  4- 6 |  7- 9 | 10-12 | 13-15 || total
-------------------------+-------+-------+-------+-------+-------++-------
Melee: Short sword       |    85 |   193 |       |       |       ||   278
       Flail             |       |     5 |    46 |       |       ||    51
       Morningstar       |       |       |   173 |   188 |       ||   361
       Dagger            |       |       |    43 |   124 |       ||   167
       Spear             |       |       |    19 |    13 |       ||    32
       Whip              |       |       |       |    19 |       ||    19
       Quarterstaff      |       |       |       |   188 |   185 ||   373
Throw: Dart              |       |       |    17 |    15 |     1 ||    33
       Boomerang         |       |       |       |     1 |       ||     1
Invok: Berserk           |     3 |     5 |     3 |     4 |     5 ||    20
       Brothers in Arms  |       |       |       |       |     2 ||     2
Evoke: Wand              |       |       |       |     1 |       ||     1
  Use: Potion            |       |     2 |       |       |       ||     2
       Scroll            |       |       |       |     9 |       ||     9
 Stab: Sleeping          |     9 |     6 |    11 |    18 |     7 ||    51
       Distracted        |       |     1 |     1 |       |       ||     2
       Paralysed         |       |       |       |     2 |       ||     2
Armor: Animal skin       |     5 |     6 |       |       |       ||    11
       Scale mail        |       |    19 |    78 |   138 |    62 ||   297
Dodge: Dodged            |    55 |   122 |   271 |   418 |   168 ||  1034
Block: Buckler           |       |       |       |    77 |       ||    77
